 Dungeon Crawl Stone Soup version 0.19.5 (webtiles) character file.

10332 LORDOFBUTT the Cleaver (level 11, -11/102 HPs)
             Began as a Minotaur Berserker on May 9, 2017.
             Was a High Priest of Trog.
             Mangled by an orc warrior
             ... wielding a cursed -3 glaive
              (19 damage)
             ... on level 1 of the Orcish Mines.
             The game lasted 00:13:21 (9174 turns).

LORDOFBUTT the Cleaver (Minotaur Berserker)         Turns: 9174, Time: 00:13:22

Health: -11/102    AC:  7    Str: 24    XL:     11   Next: 34%
Magic:  10/10      EV: 12    Int:  4    God:    Trog [*****.]
Gold:   585        SH:  0    Dex: 16    Spells: 0 memorised, 10 levels left

rFire  + . .     SeeInvis .     r - +1 hand axe (venom)
rCold  . . .     Gourm    .     g - +0 ring mail {rF+}
rNeg   . . .     Faith    .     (no shield)
rPois  .         Spirit   .     (helmet restricted)
rElec  .         Reflect  .     (no cloak)
rCorr  .         Harm     .     (no gloves)
MR     .....                    (no boots)
Stlth  +.........               (no amulet)
                                (no ring)
                                t - +3 ring of dexterity

@: exhausted, slowed, very slow
A: retaliatory headbutt, horns 2, agile 1, wild magic 1, evolution 1
a: Berserk, Trog's Hand, Brothers in Arms, Burn Spellbooks, Renounce Religion


You were on level 1 of the Orcish Mines.
You worshipped Trog.
Trog was extremely pleased with you.
You were hungry.

You visited 2 branches of the dungeon, and saw 12 of its levels.

You collected 792 gold pieces.
You spent 207 gold pieces at shops.

Inventory:

Hand Weapons
 r - a +1 hand axe of venom (weapon)
Armour
 g - a +0 ring mail of fire resistance (worn)
Jewellery
 t - a +3 ring of dexterity (left hand)
 u - an uncursed amulet of harm {unknown}
 y - an uncursed amulet of regeneration {unknown}
Scrolls
 a - 2 scrolls of amnesia {unknown}
 b - 6 scrolls of recharging
 h - a scroll of magic mapping {unknown}
 i - 2 scrolls of immolation
 j - 4 scrolls of remove curse
 k - 2 scrolls of random uselessness {unknown}
 n - a scroll of enchant weapon {unknown}
 p - a scroll of noise {unknown}
 q - 2 scrolls of enchant armour {unknown}
 v - a scroll of teleportation {unknown}
 x - a scroll of vulnerability {unknown}
Potions
 d - 3 potions of curing
 e - a potion of agility
 f - a potion of degeneration
 o - 3 potions of haste
 s - a potion of cancellation
Books
 l - the Almanac of Axaxaxas mlö
   (You found it on level 10 of the Dungeon)

   Spells                             Type                      Level
   a - Confusing Touch                Hexes                        1
   b - Slow                           Hexes                        2
   Trog disapproves of the use of such an item.
 z - a book of Maledictions

   Spells                             Type                      Level
   a - Corona                         Hexes                        1
   b - Ensorcelled Hibernation        Hexes/Ice                    2
   c - Confuse                        Hexes                        3
   d - Tukima's Dance                 Hexes                        3
   e - Dazzling Spray                 Conjuration/Hexes            3
   Trog disapproves of the use of such an item.
Comestibles
 c - 11 bread rations
 m - 17 chunks of flesh
 w - 2 fruits


   Skills:
 * Level 11.3 Fighting
 - Level 14.7 Axes
 * Level 10.9 Armour
 - Level 2.2 Dodging


You had 10 spell levels left.
You didn't know any spells.

Dungeon Overview and Level Annotations

Branches:
Dungeon (10/15)            Temple (0/1) D:4            Lair (0/6) D:10
    Orc (2/2) D:10            Elf (0/3) Orc:2

Altars:
Ashenzari
Fedhas
Makhleb
Trog
Xom
Zin
Beogh

Shops:
D:10 [=   Orc:2 ?

Annotations:
D:10 exclusion: ice statue


Innate Abilities, Weirdness & Mutations

You reflexively headbutt those who attack you in melee.
You have a pair of horns on your head.
You are agile. (Dex +2)
Your spells are a little harder to cast, but a little more powerful.
You evolve.


Message History

An orc wizard comes into view. It is wielding a dagger.
You see here 25 gold pieces.
Okay, then.
The orc wizard gestures at you while chanting.
The magic dart hits you! The orc wizard casts a spell at you.
The puff of frost hits you!
* * * LOW HITPOINT WARNING * * *
The orc wizard points at you and mumbles some strange words.
The magic dart hits you!
* * * LOW HITPOINT WARNING * * *
You feel better. The orc warrior barely misses you.
The orc warrior hits you from afar with a glaive!!
* * * LOW HITPOINT WARNING * * *
Okay, then.
As you read the scroll labeled CUMIRU GALUCE, it crumbles to dust.
The creatures around you are filled with an inner flame!
It was a scroll of immolation.
The orc warrior hits you from afar with a glaive!!
You die...

.... ##.....#....## #. .#
#......##....## .
..................##
.....#...........#
.....o...........# ..
................###
............o#.....#.###
....###................##
....####...>o.@.....))..##
....................)....#
...........$.....#...#....#
.......#..$$....#...##...##
.......)..#.....##.## #.##
.......).........### .#
.......).........# ..
........#.#........ .##
...>...#...#.##.....


You could see an orc warrior (inner flame), an orc wizard (inner flame) and an
orc (wandering).

Vanquished Creatures
  Urug (Orc:1)
  2 hill giants (D:10)
  A manticore (D:9)
  3 deep elf magi (D:10)
  An orc sorcerer (Orc:1)
  Joseph (D:7)
  A komodo dragon (D:10)
  A troll (Orc:2)
  A two-headed ogre (Orc:1)
  Prince Ribbit (D:7)
  A hippogriff (D:10)
  A spriggan (D:9)
  A wyvern (D:9)
  2 hungry ghosts
  Menkaure (D:6)
  3 wargs
  2 water moccasins
  A sky beast (D:9)
  A black bear (D:6)
  8 orc warriors
  2 phantoms (D:8)
  An ice beast (D:6)
  9 ogres
  3 centaurs
  5 bullfrogs
  2 scorpions
  2 crimson imps
  A centaur zombie (D:8)
  2 bullfrog zombies
  5 hounds
  3 jellies
  4 orc priests
  A bullfrog skeleton (D:10)
  A centaur skeleton (D:6)
  16 orc wizards
  3 iguanas
  5 worker ants
  A hound skeleton (D:5)
  A hound zombie (D:6)
  10 gnolls
  13 adders
  A shadow imp (D:9)
  2 adder skeletons
  3 worms
  2 dart slugs
  3 leopard geckos
  45 orcs
  8 giant cockroaches
  12 goblins
  15 hobgoblins
  18 jackals
  6 quokkas
  3 bats
  5 frilled lizards
  A jackal skeleton (D:7)
  6 kobolds
  2 leopard gecko zombies
  2 quokka skeletons
  A quokka zombie (D:8)
  7 rats
266 creatures vanquished.

Vanquished Creatures (others)
  2 plants (D:10)
2 creatures vanquished.

Grand Total: 268 creatures vanquished

Notes
Turn   | Place    | Note
-------+----------+-------------------------------------------
     0 | D:1      | LORDOFBUTT the Minotaur Berserker began the quest for the Orb.
     0 | D:1      | Reached XP level 1. HP: 19/19 MP: 0/0
   208 | D:1      | Reached skill level 4 in Axes
   208 | D:1      | Reached XP level 2. HP: 20/27 MP: 1/1
   490 | D:1      | Found a shimmering altar of Xom.
   872 | D:2      | Reached XP level 3. HP: 32/33 MP: 2/2
  1053 | D:2      | Reached skill level 5 in Axes
  1134 | D:2      | Reached ** piety under Trog
  1367 | D:2      | Reached XP level 4. HP: 35/40 MP: 3/3
  1699 | D:3      | Reached skill level 6 in Axes
  1756 | D:3      | Reached XP level 5. HP: 46/46 MP: 4/4
  1839 | D:3      | Reached *** piety under Trog
  1841 | D:3      | Reached skill level 7 in Axes
  2284 | D:3      | Found a burning altar of Makhleb.
  2286 | D:3      | Noticed a cacodemon
  2290 | D:3      | Noticed an orange demon
  2290 | D:3      | Noticed an orange demon
  2525 | D:4      | Found a staircase to the Ecumenical Temple.
  2573 | D:4      | Reached skill level 8 in Axes
  2573 | D:4      | Reached XP level 6. HP: 50/52 MP: 5/5
  2607 | D:4      | Found a shattered altar of Ashenzari.
  2610 | D:4      | Found a blossoming altar of Fedhas.
  2848 | D:4      | Found a bloodstained altar of Trog.
  2882 | D:5      | Entered Level 5 of the Dungeon
  2908 | D:5      | Reached **** piety under Trog
  3067 | D:5      | Reached skill level 9 in Axes
  3213 | D:5      | Reached XP level 7. HP: 44/58 MP: 6/6
  3737 | D:6      | Reached skill level 10 in Axes
  3782 | D:6      | Found a burning altar of Makhleb.
  4007 | D:6      | Reached skill level 11 in Axes
  4089 | D:6      | Reached XP level 8. HP: 65/66 MP: 7/7
  4112 | D:6      | Noticed Menkaure
  4116 | D:6      | Killed Menkaure
  4400 | D:6      | Reached skill level 12 in Axes
  5014 | D:7      | Noticed Prince Ribbit
  5028 | D:7      | Killed Prince Ribbit
  5028 | D:7      | Reached skill level 13 in Axes
  5102 | D:7      | Noticed Joseph
  5111 | D:7      | Killed Joseph
  5111 | D:7      | Reached XP level 9. HP: 30/71 MP: 8/8
  5350 | D:7      | Reached skill level 14 in Axes
  6412 | D:9      | Reached ***** piety under Trog
  6412 | D:9      | Reached skill level 5 in Fighting
  6424 | D:9      | Gained mutation: You evolve. [mutagenic meat]
  6425 | D:9      | Gained mutation: You are frail. (-10% HP) [mutagenic meat]
  6426 | D:9      | Gained mutation: You are agile. (Dex +2) [mutagenic meat]
  6427 | D:9      | Gained mutation: Your spells are a little harder to cast, but a little more powerful. [mutagenic meat]
  6569 | D:9      | Reached skill level 5 in Armour
  6800 | D:9      | Noticed a manticore
  6812 | D:9      | Killed a manticore
  6812 | D:9      | Reached XP level 10. HP: 43/77 MP: 9/9
  7066 | D:9      | Found a glowing silver altar of Zin.
  7103 | D:10     | Entered Level 10 of the Dungeon
  7124 | D:10     | Noticed a deep elf mage
  7125 | D:10     | Noticed a deep elf mage
  7128 | D:10     | Noticed a deep elf mage
  7131 | D:10     | Killed a deep elf mage
  7139 | D:10     | Killed a deep elf mage
  7143 | D:10     | Killed a deep elf mage
  7393 | D:10     | Identified the Almanac of Axaxaxas mlö
  7467 | D:10     | Found a staircase to the Orcish Mines.
  7470 | D:10     | Found Vaiwogom's Jewellery Boutique.
  7524 | D:10     | Noticed an ice statue
  7614 | D:10     | Noticed a hill giant
  7623 | D:10     | Killed a hill giant
  7675 | D:10     | Lost mutation: You are frail. (-10% HP) [evolution]
  7769 | D:10     | Found a staircase to the Lair.
  7849 | D:10     | Noticed a hill giant
  7859 | D:10     | Killed a hill giant
  7859 | D:10     | Reached skill level 10 in Fighting
  7895 | D:10     | Found Putag's Antique Armour Shop.
  7898 | D:10     | Bought a warped ring mail for 207 gold pieces
  7908 | D:10     | Identified the +5 ring mail of the Sailor {rN+ Int+3} (You bought it in a shop on level 10 of the Dungeon)
  8019 | Orc:1    | Entered Level 1 of the Orcish Mines
  8019 | Orc:1    | Found a roughly hewn altar of Beogh.
  8030 | Orc:1    | Reached XP level 11. HP: 41/100 MP: 10/10
  8503 | Orc:2    | Entered Level 2 of the Orcish Mines
  8515 | Orc:2    | Reached skill level 10 in Armour
  8629 | Orc:2    | Found Kahonixe's Magic Scroll Boutique.
  8633 | Orc:2    | Found a staircase to the Elven Halls.
  9137 | Orc:1    | Noticed Urug
  9138 | Orc:1    | Noticed an orc sorcerer
  9142 | Orc:1    | Noticed a sun demon
  9152 | Orc:1    | Killed Urug
  9153 | Orc:1    | Killed an orc sorcerer
  9174 | Orc:1    | Mangled by an orc warrior

Skill      XL: |  1  2  3  4  5  6  7  8  9 10 11 |
---------------+----------------------------------+-----
Axes           | 4 5 6 8 9 11 13 14 | 14.7
Fighting       | 7 10 11 | 11.3
Armour         | 6 9 10 | 10.9
Dodging        | |  2.2

Action                   |  1- 3 |  4- 6 |  7- 9 | 10-12 || total
-------------------------+-------+-------+-------+-------++-------
Melee: Hand axe          |    77 |   148 |   299 |   198 ||   722
       Headbutt          |    13 |    29 |    69 |    63 ||   174
Invok: Berserk           |       |     2 |     5 |     4 ||    11
       Burn Spellbooks   |       |       |     2 |     1 ||     3
       Brothers in Arms  |       |       |     1 |       ||     1
  Use: Scroll            |       |       |     7 |     1 ||     8
       Potion            |       |       |     3 |     1 ||     4
  Eat: Chunk             |     1 |     8 |    14 |    12 ||    35
       Fruit             |       |       |     5 |     2 ||     7
       Pizza             |       |       |     1 |       ||     1
Armor: Animal skin       |     3 |       |       |       ||     3
       Ring mail         |    25 |    40 |    52 |    31 ||   148
Dodge: Dodged            |    40 |    88 |   116 |    76 ||   320
